 Dungeon Crawl Stone Soup version 0.29.0-15-g675c0067aa (webtiles) character file.

Game seed: 17441621543525298585

69 qw the Chopper (level 4, -1/58 HPs)
             Began as a Minotaur Berserker on Sept 12, 2022.
             Was a Believer of Trog.
             Slain by a worm (8 damage)
             ... on level 1 of the Dungeon.
             The game lasted 00:00:23 (1099 turns).

qw the Chopper (Minotaur Berserker)                 Turns: 1099, Time: 00:00:24

Health: -1/58      AC:  0    Str: 24    XL:     4   Next: 2%
Magic:  3/3        EV:  7    Int:  4    God:    Trog [**....]
Gold:   73         SH: 11    Dex:  9    Spells: 3/3 levels left

rFire   . . .      SeeInvis .   Y - +1 hand axe
rCold   . . .      Faith    .   m - +0 tower shield
rNeg    . . .      Spirit   .   k - +0 leather armour
rPois   .          Reflect  .   (helmet restricted)
rElec   .          Harm     .   (no cloak)
rCorr   .          Rampage  .   e - +0 pair of gloves
Will    .....                   (no boots)
Stlth   ..........              (no amulet)
HPRegen 0.19/turn               (no ring)
MPRegen 0.08/turn               (no ring)

@: berserking (expiring), corroded, very quick
A: horns 2, retaliatory headbutt
a: Renounce Religion, Berserk, Trog's Hand


You were on level 1 of the Dungeon.
You worshipped Trog.
Trog was pleased with you.
You visited 1 branch of the dungeon, and saw 1 of its levels.

You collected 73 gold pieces.


Innate Abilities, Weirdness & Mutations

You have a pair of horns on your head.
You reflexively headbutt those who attack you in melee.


   Skills:
 - Level 3.6 Fighting
 - Level 5.0 Axes
 - Level 2.4 Armour
 - Level 2.1 Dodging
 + Level 2.9 Shields


You had 3 spell levels left.
You didn't know any spells.
Your spell library was empty.

Inventory:

Hand Weapons
 f - a +0 club
 Y - a +1 hand axe (weapon)
Missiles
 n - 2 boomerangs (quivered)
Armour
 e - a +0 pair of gloves (worn)
 k - a +0 leather armour (worn)
 m - a +0 tower shield (worn)
Scrolls
 a - a scroll of noise
 i - 2 scrolls of poison
 p - a scroll of identify {unknown}
 q - a scroll of summoning {unknown}
Potions
 c - a potion of curing {unknown}
 d - a potion of attraction {unknown}
 o - a potion of lignification {unknown}
 r - a potion of mutation {unknown}
 s - a potion of berserk rage {unknown}

Dungeon Overview and Level Annotations

Branches:
Dungeon (1/15)

Altars:

Annotations:
D:1 1 runed translucent door


Message History

The endoplasm freezes you.
You are frozen.
Your Shields skill gained 2 levels and is now at level 2!
You miss the jackal. Your headbutt misses the jackal.
The jackal is moderately wounded.
You completely miss the worm. You hit the giant cockroach.
You slash the endoplasm!
You kill the endoplasm!
Trog accepts your kill. You block the jackal's attack.
The giant cockroach bites you.
You closely miss the giant cockroach. You headbutt the giant cockroach.
You kill the giant cockroach!
Trog accepts your kill.
You hit the worm. You hit the jackal. x2
You kill the jackal!
Trog accepts your kill. The jackal bites you. The worm bites you!
You slash the jackal!
You kill the jackal!
Trog accepts your kill.
You hit the endoplasm but do no damage. You barely miss the rat.
You hit the worm. The endoplasm hits you. The rat closely misses you.
You furiously retaliate!
You headbutt the rat!
You kill the rat!
Trog accepts your kill. The worm bites you.
You slash the worm!
The worm is almost dead.
You hit the endoplasm.
You kill the endoplasm!
Trog accepts your kill.
You hit the rat.
You kill the rat!
Trog accepts your kill.
You have reached level 4!
You feel stronger.
You barely miss the worm.
The worm is almost dead.
The worm bites you!
You die...

.# #...# .# #...### .# #......
.##########################....##
...............).................
%############.###################
.# #.................# .####
#.###############.# ....#
#.#.....@.......#.###
###.#####.#....%w%......#...#
#.##....#.............#.#.###
#..#.##.#######+#######.....#
####...##.#.......[.....#.###.###
......###.+}....###....}'.###....
#.........#......<......#..##.###
#.........#..}...>...}..#.....#
#.........###'#######'###.#.#####


You could see a worm.

Vanquished Creatures
  A jelly (D:1)
  A ball python (D:1)
  4 endoplasms (D:1)
  7 giant cockroaches (D:1)
  5 goblins (D:1)
  3 hobgoblins (D:1)
  4 jackals (D:1)
  A quokka (D:1)
  2 bats (D:1)
  A frilled lizard (D:1)
  4 rats (D:1)
33 creatures vanquished.

Notes
Turn   | Place    | Note
-------+----------+-------------------------------------------
     0 | D:1      | qw the Minotaur Berserker began the quest for the Orb.
     0 | D:1      | Reached XP level 1. HP: 19/19 MP: 0/0
     0 | D:1      | 0 ||| qw: Version: 0.1-a-119-g272c26d
     0 | D:1      | 0 ||| qw: Game counter: 10911
     0 | D:1      | 0 ||| qw: Always use a shield: true
     0 | D:1      | 0 ||| qw: Do Orc after D:15 true
     0 | D:1      | 0 ||| qw: Do second Lair branch before Depths: true
     0 | D:1      | 0 ||| qw: Lair rune preference: random
     0 | D:1      | 0 ||| qw: Plans: Normal
     0 | D:1      | 0 ||| PLANNING D:1-11
     1 | D:1      | Found a runed translucent door.
     2 | D:1      | Noticed a jelly
   242 | D:1      | Reached skill level 4 in Axes
   364 | D:1      | Reached XP level 2. HP: 24/26 MP: 1/1
   806 | D:1      | Found a faded altar of an unknown god.
   854 | D:1      | Reached skill level 5 in Axes
  1063 | D:1      | 1063 ||| UPGRADING to +0 pair of gloves.
  1068 | D:1      | 1068 ||| UPGRADING to +0 leather armour.
  1078 | D:1      | 1078 ||| DROPPING +0 animal skin.
  1079 | D:1      | 1079 ||| UPGRADING to +0 tower shield.
  1084 | D:1      | 1084 ||| READING 2 scrolls labelled ZAZUST FOYQOL.
  1085 | D:1      | 1085 ||| READING scroll labelled FIRRUR HEDENELIUT.
  1086 | D:1      | 1086 ||| READING 3 scrolls labelled TIRIVI GEPE.
  1087 | D:1      | 1087 ||| READING scroll labelled RAHO RUSENO.
  1088 | D:1      | 1088 ||| READING scroll labelled POVEILL QAKO.
  1091 | D:1      | 1091 ||| INVOKING Berserk.
  1094 | D:1      | Reached XP level 3. HP: 30/31 MP: 2/2
  1094 | D:1      | Reached ** piety under Trog
  1096 | D:1      | HP: 8/46 [worm (11)]
  1099 | D:1      | Reached XP level 4. HP: 7/39 MP: 3/3
  1099 | D:1      | Slain by a worm

Levels and vault maps discovered:
D:1:      dpeg_arrival_caged_fury, layout_basic,
          hellmonk_ecumenical_altar_lost_god

Skill      XL: |  1  2  3 |
---------------+----------+-----
Axes           | 4 5 |  5.0
Shields        | 2 |  2.9
Fighting       | |  3.6
Armour         | |  2.4
Dodging        | |  2.1

Action                   |  1- 3 |  4- 6 || total
-------------------------+-------+-------++-------
Melee: Hand axe          |    51 |     1 ||    52
       Headbutt          |     7 |       ||     7
Throw: Boomerang         |     7 |       ||     7
Invok: Berserk           |     1 |       ||     1
  Use: Scroll            |     5 |       ||     5
Armor: Animal skin       |     6 |       ||     6
       Leather armour    |     3 |       ||     3
Dodge: Dodged            |    25 |       ||    25
Block: Tower shield      |     7 |       ||     7

Table legend:
 A = Non-vault XP
 B = Vault XP
 C = Vault XP percentage of total XP
 D = Non-vault monster count
 E = Vault monster count
 F = Vault count percentage of total count
                 A         B        C        D         E       F
            +---------+---------+-------+---------+---------+-------
      Total |      35 |      64 |  64.6 |      20 |      13 |  39.4
            +---------+---------+-------+---------+---------+-------
        D:1 |      35 |      64 |  64.6 |      20 |      13 |  39.4
            +---------+---------+-------+---------+---------+-------
